 Dungeon Crawl Stone Soup version 0.26-a0-835-g8259106e14 (webtiles) character file.

Game seed: 6069906085003788646

76 dickylongcocking the Shield-Bearer (level 4, -2/33 HPs)
             Began as a Human Wanderer on Nov 18, 2020.
             Slain by a worm (6 damage)
             ... on level 2 of the Dungeon.
             The game lasted 00:01:30 (1805 turns).

dickylongcocking the Shield-Bearer (Human Wanderer) Turns: 1805, Time: 00:01:31

Health: -2/33      AC:  7    Str: 13    XL:     4   Next: 57%
Magic:  4/4        EV:  7    Int: 14    God:
Gold:   172        SH:  8    Dex: 11    Spells: 3/3 levels left

rFire    . . .     SeeInvis .   a - +0 falchion
rCold    . . .     Faith    .   b - +0 kite shield
rNeg     . . .     Spirit   .   h - +0 ring mail
rPois    .         Reflect  .   (no helmet)
rElec    .         Harm     .   (no cloak)
rCorr    .         Rampage  .   g - +1 pair of gloves
MR       .....                  (no boots)
Stlth    +.........             (no amulet)
HPRegen  0.11/turn              (no ring)
MPRegen  0.09/turn              (no ring)

@: no status effects
A: no striking features
a: no special abilities


You were on level 2 of the Dungeon.
You visited 1 branch of the dungeon, and saw 2 of its levels.

You collected 172 gold pieces.

Inventory:

Hand Weapons
 a - a +0 falchion (weapon)
Armour
 b - a +0 kite shield (worn)
 d - a +0 robe
 g - a +1 pair of gloves (worn)
 h - a +0 ring mail (worn)
Jewellery
 j - a cursed ring of attention {unknown}
Scrolls
 e - 2 scrolls of teleportation {unknown}
 i - a scroll of identify {unknown}
 k - a scroll of enchant weapon {unknown}
 n - a scroll of fear {unknown}
Potions
 c - 2 potions of curing
 f - a potion of ambrosia {unknown}
 l - 2 potions of heal wounds {unknown}
 m - a potion of flight {unknown}


   Skills:
 - Level 2.0 Fighting
 * Level 2.5 Long Blades
 - Level 2.0 Axes
 - Level 1.0 Throwing
 - Level 2.0 Armour
 + Level 2.0 Stealth
 * Level 2.6 Shields


You had 3 spell levels left.
You didn't know any spells.
Your spell library was empty.

Dungeon Overview and Level Annotations

Branches:
Dungeon (2/15)

Altars:
Qazlal
Xom


Message History

The worm is heavily wounded.
You hit the worm.
The worm is severely wounded.
The worm bites you!
* * * LOW HITPOINT WARNING * * *
You are too injured to fight recklessly!
A worm is nearby!
You barely miss the worm.
The worm is severely wounded.
The worm bites you.
* * * LOW HITPOINT WARNING * * *
You hit the worm.
The worm is severely wounded.
You block the worm's attack.
You hit the worm but do no damage.
The worm is severely wounded.
You hit the worm.
The worm is almost dead.
The worm bites you.
You die...

##.#####.###..###### #.##.# #.#
#.##........# #.##.#
#.#####......####.# #.##.#
##......†.....(....# #.##.####
.....########.###..####.##.##.###
###### #.# #..........#.#... #.#
##..........###.#
#.#########.####.#.##
#...@w..>...# ##.## #############
###


You could see a worm.

Vanquished Creatures
  3 adders (D:2)
  2 worms (D:2)
  4 dart slugs
  A giant cockroach (D:1)
  7 goblins
  4 hobgoblins
  2 jackals (D:2)
  3 bats
  2 frilled lizards (D:2)
  4 kobolds
  4 rats
36 creatures vanquished.

Notes
Turn   | Place    | Note
-------+----------+-------------------------------------------
     0 | D:1      | dickylongcocking the Human Wanderer began the quest for the
                  | Orb.
     0 | D:1      | dickylongcocking set off with the following items: a +0
                  | falchion, a +0 kite shield, a potion of curing, a +0 robe
     0 | D:1      | Reached XP level 1. HP: 16/16 MP: 1/1
    82 | D:1      | Reached XP level 2. HP: 22/22 MP: 2/2
   844 | D:2      | Found a shimmering altar of Xom.
   846 | D:2      | Found a shimmering altar of Xom.
   861 | D:2      | Reached XP level 3. HP: 26/27 MP: 3/3
   898 | D:2      | Found a shimmering altar of Xom.
   899 | D:2      | Found a shimmering altar of Xom.
   900 | D:2      | Found a shimmering altar of Xom.
  1203 | D:2      | Found a stormy altar of Qazlal.
  1377 | D:2      | Reached XP level 4. HP: 29/33 MP: 4/4
  1805 | D:2      | Slain by a worm

Illustrated notes

Levels and vault maps discovered:
D:1:      shiori_shiawase, layout_basic
D:2:      layout_loops_ring, grunt_qazlal_sundering, xom_redecorated

Skill      XL: |  1  2  3  4 |
---------------+-------------+-----
Shields        | 2 |  2.6
Long Blades    | 2 |  2.5
Stealth        | 2 |  2.0
Fighting       | |  2.0
Axes           | |  2.0
Throwing       | |  1.0
Armour         | |  2.0

Action                   |  1- 3 |  4- 6 || total
-------------------------+-------+-------++-------
Melee: Falchion          |   104 |    64 ||   168
Armor: Robe              |     3 |       ||     3
       Ring mail         |    41 |    16 ||    57
Dodge: Dodged            |    34 |    14 ||    48
Block: Kite shield       |    43 |    18 ||    61
       Rpst.: Falchion   |     6 |     3 ||     9

Table legend: (Time is in decaauts)
 A = Elapsed time spent in this place.
 B = Non-inter-level travel time spent in this place.
 C = Inter-level travel time spent in this place.
 D = Time resting spent in this place.
 E = Time spent auto-exploring this place.
 F = Levels seen in this place.
 G = Mean time per level.
                   A        B        C        D        E       F      G
               +--------+--------+--------+--------+--------+-----+--------+
         Total |   1852 |   1815 |     37 |      0 |   1414 |   2 |  926.0 |
       Dungeon |   1852 |   1815 |     37 |      0 |   1414 |   2 |  926.0 |
               +--------+--------+--------+--------+--------+-----+--------+

Top non-repeatable levels by time:
     D:2: 997 daAuts
     D:1: 854 daAuts
